AoeStats
← Franz

Arabia

504993228Analyzed
1v1 RM · 26d ago on Sep 7, 2026· 32m 28s· 2 players
Game mode
Random Map
Map size
Tiny (2 player)
Population
200
Speed
Normal
Resources
Standard
Victory
Conquest
Starting age
Dark Age
Ending age
Imperial Age
RankedLock teamsTeams togetherTeam positionsShared explorationLock speedFull tech treeHidden civsTurbo modeCheats
Victory
Defeat
🇮🇹 Franks · Italy
955
+17
🇫🇷 Mongols · France
976
-36
SelvaNord
2:54 Loom
10:47 Feudal Age
19:43 Castle Age
19:11 Gold Mining
19:11 Double-Bit Axe
20:18 Forging
20:04 Stone Mining
20:46 Husbandry
21:45 Gold Shaft Mining
24:33 Scale Barding Armor
26:49 Wheelbarrow
27:46 Bow Saw
30:29 Iron Casting
30:30 Hand Cart
30:18 Elite Skirmisher
30:51 Fletching
Franz
5:58 Loom
10:39 Feudal Age
13:38 Wheelbarrow
12:58 Double-Bit Axe
13:10 Horse Collar
17:14 Forging
25:26 Castle Age
24:54 Bloodlines
24:47 Scale Mail Armor
26:12 Pikeman
28:28 Iron Casting
28:08 Stone Mining
29:25 Bow Saw
29:20 Heavy Plow
30:29 Chain Mail Armor
31:57 Hand Cart
32:51 Padded Archer Armor
Connection lost

Rejoining the realm…

Still unreachable

The connection could not be restored.

Session expired

The server has moved on; the page needs a fresh start.